 Dungeon Crawl Stone Soup version 0.31.0-9-g3a7656b989 (webtiles) character file.

Game seed: 8480815206905496515

88 qw the Shooter (level 4, -2/25 HPs)
             Began as a Deep Elf Hunter on Feb 3, 2024.
             Slain by an orc priest
             ... wielding a +0 flail
              (7 damage)
             ... on level 3 of the Dungeon.
             The game lasted 00:00:30 (1590 turns).

qw the Shooter (Deep Elf Hunter)                    Turns: 1590, Time: 00:00:30

Health: -2/25      AC:  6    Str: 10    XL:     4   Next: 29%
Magic:  6/6        EV: 11    Int: 14    God:
Gold:   162        SH:  0    Dex: 18    Spells: 3/3 levels left

rFire   . . .        a - +1 shortbow
rCold   . . .        (shield currently unavailable)
rNeg    . . .        b - +0 ring mail
rPois   .            (no helmet)
rElec   .            (no cloak)
rCorr   .            f - +0 pair of gloves
SInv    +            (no boots)
Will    .....        (no amulet)
Stlth   +            i - ring of see invisible
HPRegen 0.24/turn    (no ring)
MPRegen 0.10/turn

%: no passive effects
@: no status effects
A: no striking features
a: no special abilities


You were on level 3 of the Dungeon.
You visited 1 branch of the dungeon, and saw 3 of its levels.

You collected 162 gold pieces.


   Skills:
 - Level 1.5 Fighting
 + Level 7.7 Ranged Weapons
 - Level 2.4 Dodging
 - Level 1.2 Stealth


You had 3 spell levels left.
You didn't know any spells.
Your spell library was empty.

Inventory:

Hand Weapons
 a - a +1 shortbow (weapon)
Armour
 b - a +0 ring mail (worn)
 f - a +0 pair of gloves (worn)
Jewellery
 i - a ring of see invisible (left hand)
Scrolls
 c - 2 scrolls of identify
 h - a scroll of brand weapon {unknown}
Potions
 d - a potion of haste
 e - a potion of enlightenment
 g - a potion of heal wounds
 j - a potion of berserk rage {unknown}

Dungeon Overview and Level Annotations

Branches:
Dungeon (3/15)

Altars:


Message History

The stream of webbing misses you.
You shoot an arrow.
The arrow barely misses the ribbon worm.
The orc priest calls down the wrath of Beogh upon you.
You barely resist.
The rat twitches its whiskers.
You shoot an arrow. The arrow hits the ribbon worm.
The ribbon worm is severely wounded.
The endoplasm freezes you.
You are frozen.
An orc comes into view. It is wielding a +0 club.
The ribbon worm closely misses you.
You shoot an arrow. The arrow hits the ribbon worm.
The ribbon worm is almost dead.
The endoplasm hits you but does no damage.
The orc priest completely misses you.
You shoot an arrow.
The arrow barely misses the ribbon worm.
The arrow hits the rat.
You kill the rat!
The ribbon worm misses you. The orc priest misses you.
The endoplasm freezes you.
You are frozen.
You shoot an arrow. The arrow hits the ribbon worm.
You kill the ribbon worm!
The endoplasm freezes you.
You are frozen.
The orc priest hits you but does no damage.
You shoot an arrow. The arrow hits the orc priest.
The orc priest is lightly wounded.
The endoplasm freezes you.
You are frozen.
The frilled lizard bites you but does no damage.
The orc priest hits you with a +0 flail.
You shoot an arrow. The arrow barely misses the orc priest.
The endoplasm barely misses you. The frilled lizard barely misses you.
The endoplasm closely misses you. The frilled lizard bites you.
The orc hits you with a +0 mace.
The orc priest hits you with a +0 flail!
You die...

#...............#.
#.#..%#...#%..#..
#..###..#%.###..
.... #..%.)#.#.##
# .....
+.....'##..#.#
....
...#####...#...#
... .... #).....#
#... +..#...# ....
#.@o...# #loJ#..#
.oJ##...# ..#.#=
%#.# #.. .. #
.$... .# .)# .. .#
... .## . ####


You could see an orc priest, 2 orcs, 2 endoplasms and a frilled lizard.

Vanquished Creatures
  2 adders (D:2)
  5 ribbon worms
  A dart slug (D:2)
  3 orcs (D:3)
  6 bats
  2 endoplasms
  A giant cockroach (D:2)
  6 hobgoblins
  4 kobolds
  5 quokkas
  3 ball pythons
  5 frilled lizards
  5 goblins
  5 rats
53 creatures vanquished.

Notes
Turn   | Place    | Note
-------+----------+-------------------------------------------
     0 | D:1      | qw the Deep Elf Hunter began the quest for the Orb.
     0 | D:1      | Reached XP level 1. HP: 12/12 MP: 3/3
     0 | D:1      | 0 ||| qw: Version: 0.3-a-155-g5e7d8dd
     0 | D:1      | 0 ||| qw: Game counter: 2991
     0 | D:1      | 0 ||| qw: Melee chars always use a shield: true
     0 | D:1      | 0 ||| qw: God list: Okawaru
     0 | D:1      | 0 ||| qw: Allow faded altars: false
     0 | D:1      | 0 ||| qw: Do Orc after clearing Dungeon:15 true
     0 | D:1      | 0 ||| qw: Do second Lair branch before Depths: true
     0 | D:1      | 0 ||| qw: Lair rune preference: random
     0 | D:1      | 0 ||| qw: Goals: Normal
     0 | D:1      | 0 ||| PLANNING D:1-11
   323 | D:1      | Reached skill level 6 in Ranged Weapons
   323 | D:1      | Reached XP level 2. HP: 16/16 MP: 4/4
   612 | D:1      | 612 ||| UPGRADING to +0 pair of gloves.
   617 | D:1      | 617 ||| READING scroll labelled OPPAAHITA SAIKH.
   617 | D:1      | 617 ||| ENCHANTING +0 shortbow.
   618 | D:1      | 618 ||| READING 3 scrolls labelled FAUGGA SOULO.
   618 | D:1      | 618 ||| IDENTIFYING clear potion
   619 | D:1      | 619 ||| READING 2 scrolls of identify.
   619 | D:1      | 619 ||| IDENTIFYING fuming grey potion
   620 | D:1      | 620 ||| READING scroll of identify.
   620 | D:1      | 620 ||| IDENTIFYING scroll labelled MAX RETIOMAPO
   621 | D:1      | 621 ||| DROPPING scroll of butterflies.
   622 | D:1      | 622 ||| DROPPING scroll of fear.
   741 | D:2      | Reached XP level 3. HP: 20/20 MP: 5/5
   854 | D:2      | Reached skill level 7 in Ranged Weapons
  1324 | D:2      | Reached XP level 4. HP: 25/25 MP: 6/6
  1373 | D:2      | 1373 ||| UPGRADING to +0 ring mail.
  1383 | D:2      | 1383 ||| DROPPING +0 leather armour.
  1384 | D:2      | 1384 ||| UPGRADING to ring of see invisible.
  1385 | D:2      | 1385 ||| READING scroll of identify.
  1385 | D:2      | 1385 ||| IDENTIFYING puce potion
  1590 | D:3      | HP: 5/25 [orc/+0 mace (2)]
  1590 | D:3      | Slain by an orc priest

Levels and vault maps discovered:
D:1:      psy_arrival_whirlpool, layout_basic, minmay_tetromino_s2
D:2:      layout_basic, kennysheep_minor_cross, kennysheep_another_room
D:3:      layout_loops_cross, makhleb_altar_promises_db,
          mainiacjoe_overflow_24_doors,
          shapermc_ecumenical_altar_mp_urbaneastern,
          minmay_fractal_squares_diagonal_5

Skill      XL: |  1  2  3 |
---------------+----------+-----
Ranged Weapons | 6 7 |  7.7
Fighting       | |  1.5
Dodging        | |  2.4
Stealth        | |  1.2

Action                     |  1- 3 |  4- 6 || total
---------------------------+-------+-------++-------
   Fire: Shortbow          |   110 |    41 ||   151
    Use: Scroll            |     4 |     1 ||     5
 Armour: Leather armour    |    19 |       ||    19
         Ring mail         |       |    13 ||    13
  Dodge: Dodged            |    33 |    13 ||    46

Table legend:
 A = Non-vault XP
 B = Vault XP
 C = Vault XP percentage of total XP
 D = Non-vault monster count
 E = Vault monster count
 F = Vault count percentage of total count
                 A         B        C        D         E       F
            +---------+---------+-------+---------+---------+-------
      Total |     111 |      15 |  11.9 |      43 |      10 |  18.9
            +---------+---------+-------+---------+---------+-------
        D:1 |      18 |       3 |  14.3 |      11 |       2 |  15.4
        D:2 |      78 |       0 |   0.0 |      25 |       0 |   0.0
        D:3 |      15 |      12 |  44.4 |       7 |       8 |  53.3
            +---------+---------+-------+---------+---------+-------
